AoeStats
← taileibuxiang108

Oasis

509393634Analyzed
4v4 RM · 6d ago on Sep 26, 2026· 19m 56s· 8 players
Game mode
Random Map
Map size
Large (8 player)
Population
200
Speed
Normal
Resources
Standard
Victory
Conquest
Starting age
Dark Age
Ending age
Imperial Age
RankedLock teamsTeams togetherTeam positionsShared explorationLock speedFull tech treeHidden civsTurbo modeCheats
Victory
Defeat
🇨🇳 Romans · China
1243
+12
1233
+13
🇮🇳 Japanese · India
1165
+16
🇸🇰 Khmer · Slovakia
1134
+17
🇨🇳 Byzantines · China
1188
-16
🇹🇼 Saracens · Taiwan
1159
-14
🇹🇼 Poles · Taiwan
1159
-14
🇹🇼 Ethiopians · Taiwan
1137
-14
370885147
0:28 Loom
11:47 Feudal Age
12:20 Double-Bit Axe
12:18 Horse Collar
18:04 Castle Age
16:58 Stone Mining
bimurock
5:33 Loom
11:06 Feudal Age
12:30 Wheelbarrow
14:10 Double-Bit Axe
Makima的狗
2:52 Loom
10:44 Feudal Age
12:20 Double-Bit Axe
12:18 Horse Collar
Not.ACCM
10:38 Feudal Age
14:39 Castle Age
12:39 Double-Bit Axe
14:37 Horse Collar
16:11 Bow Saw
DAO HAO DOG HAVE DEAD FAMILY
11:14 Feudal Age
10:00 Loom
12:21 Double-Bit Axe
14:57 Scale Barding Armor
15:39 Bloodlines
17:02 Forging
22:05 Castle Age
snek_fan
9:35 Loom
12:53 Feudal Age
12:58 Man-at-Arms
14:52 Forging
14:37 Arson
17:46 Castle Age
15:42 Double-Bit Axe
16:48 Scale Mail Armor
17:51 Horse Collar
Kebab do ruky
2:41 Loom
11:32 Feudal Age
16:58 Castle Age
taileibuxiang108
7:29 Loom
10:03 Feudal Age
10:13 Man-at-Arms
11:57 Double-Bit Axe
16:55 Scale Mail Armor
21:56 Castle Age
Connection lost

Rejoining the realm…

Still unreachable

The connection could not be restored.

Session expired

The server has moved on; the page needs a fresh start.